AoeStats
← nisserman

Lombardia

507643293Analyzed
2v2 RM · 14d ago on Sep 19, 2026· 61m 20s· 4 players
Game mode
Random Map
Map size
Medium (4 player)
Population
200
Speed
Normal
Resources
Standard
Victory
Conquest
Starting age
Dark Age
Ending age
Imperial Age
RankedLock teamsTeams togetherTeam positionsShared explorationLock speedFull tech treeHidden civsTurbo modeCheats
Victory
Defeat
🇺🇸 Spanish · United States
1147
+12
🇦🇷 Huns · Argentina
1117
+13
🇺🇸 Burgundians · United States
1064
-13
🇺🇸 Spanish · United States
1044
-12
droger144
6:02 Loom
9:11 Feudal Age
9:47 Double-Bit Axe
15:03 Horse Collar
20:04 Castle Age
19:39 Bloodlines
19:38 Scale Barding Armor
20:41 Light Cavalry
25:39 Chain Barding Armor
27:15 Husbandry
37:24 Imperial Age
35:43 Bow Saw
35:25 Gold Mining
35:26 Stone Mining
35:41 Heavy Plow
38:11 Forging
38:02 Padded Archer Armor
38:36 Conscription
37:41 Cavalier
39:14 Plate Barding Armor
39:52 Supremacy
39:44 Town Watch
40:35 Wheelbarrow
40:33 Elite Conquistador
41:57 Iron Casting
42:21 Town Patrol
42:37 Hand Cart
42:37 Paladin
45:14 Blast Furnace
45:45 Leather Archer Armor
47:37 Ring Archer Armor
49:38 Stone Shaft Mining
51:10 Chemistry
50:21 Fortified Wall
51:26 Caravan
54:16 Two-Man Saw
53:25 Fletching
53:35 Scale Mail Armor
54:54 Ballistics
56:02 Spies/Treason
59:14 Bodkin Arrow
59:58 Hoardings
60:40 Redemption
61:06 Inquisition
61:32 Block Printing
PATO BULLRICH
3:47 Loom
12:14 Feudal Age
16:17 Castle Age
14:29 Double-Bit Axe
15:06 Horse Collar
18:24 Fletching
20:08 Bow Saw
23:22 Wheelbarrow
25:40 Bodkin Arrow
25:46 Padded Archer Armor
26:00 Bloodlines
30:59 Leather Archer Armor
33:42 Imperial Age
31:30 Hand Cart
31:03 Town Watch
33:34 Ballistics
33:48 Gold Mining
33:53 Stone Mining
34:49 Bracer
35:41 Parthian Tactics
35:25 Thumb Ring
36:01 Husbandry
37:14 Gold Shaft Mining
36:03 Heavy Cavalry Archer
39:11 Chemistry
40:19 Heavy Plow
41:03 Capped Ram
42:07 Siege Ram
44:36 Conscription
56:49 Spies/Treason
Kicka
9:14 Loom
11:00 Feudal Age
11:27 Double-Bit Axe
15:34 Castle Age
13:49 Bow Saw
14:07 Horse Collar
16:01 Heavy Plow
17:16 Wheelbarrow
21:23 Gold Mining
23:38 Husbandry
24:15 Scale Barding Armor
24:51 Hand Cart
24:17 Cavalier
29:25 Light Cavalry
30:02 Fletching
31:18 Forging
32:26 Chain Barding Armor
32:43 Iron Casting
36:09 Gold Shaft Mining
35:24 Stone Mining
34:59 Elite Skirmisher
38:28 Imperial Age
36:11 Fortified Wall
36:59 Bodkin Arrow
38:32 Paladin
40:12 Plate Barding Armor
39:38 Bracer
40:11 Burgundian Vineyards
40:08 Hussar
40:53 Padded Archer Armor
42:00 Ballistics
44:31 Conscription
44:46 Hoardings
49:34 Blast Furnace
48:49 Leather Archer Armor
nisserman
12:35 Feudal Age
14:10 Loom
16:56 Castle Age
16:32 Double-Bit Axe
16:55 Stone Mining
23:54 Wheelbarrow
23:42 Scale Barding Armor
24:09 Horse Collar
25:54 Padded Archer Armor
32:01 Imperial Age
29:46 Bow Saw
30:11 Hand Cart
32:27 Bloodlines
34:37 Chemistry
36:09 Leather Archer Armor
35:47 Fletching
35:26 Elite Skirmisher
38:22 Bodkin Arrow
38:58 Ring Archer Armor
40:50 Ballistics
41:08 Bracer
41:39 Thumb Ring
Connection lost

Rejoining the realm…

Still unreachable

The connection could not be restored.

Session expired

The server has moved on; the page needs a fresh start.